Unix NetHack Version 3.7.0-101 Work-in-progress - last build Mar 4 2024 02:26:32 (3c4ac04b664b9ee0831c739617f054b5b60dbfd1,branch:master). Game began 2024-03-12 08:27:11, ended 2024-03-12 08:58:10. elenmirie, neutral female gnomish Archeologist -- --- ------ --###-.-- --.--- --....| ##.......| |....| |..0|.---- ##........| --....| ----..-|....--- 0#........------.....| - --.|...------...| ---- ##.....#----........-- f ....--..|.--- ---.--|..-- ##....|-............-- ....| -........|.| |..--...| ---|.....|....---.......-- |....-- |........|.| ...--- --..^...|---.--.#.- --...| |........| |.....-- --.......-|.|-.......--......|.......|#- |...| |....---.| -^..d.| --..--.|..--.|-.................|.....| ---.---....| |.-- ---.....| --..------....|...>...........-.-|.----- |<....|..--|[.-- |.......---- |..-- ---..|...|....*........||..-- |..---|...-|...| --...fa*..*.--|.-- |..|-..|.......^....----..| ---..| |.[..|..-- |....@...--...|.| |..||.......--....--- --.-- |....| ---.....-- --......--|...|.| |.)----....-||..--- |..| |.|.-- --.....| --...... ---...| |...| --....| --- --.-- --.|.| |)...-- |..--- |....| |..-- ------ |..-----..|.| |...-- ---- |.---- |.-- |.....*.....| |...| --- --- ----------..| --.-- ---- --- Elenmirie the Field Worker St:13 Dx:8 Co:15 In:14 Wi:13 Ch:13 Neutral Dlvl:5 $:0 HP:0(23) Pw:7(7) AC:9 Xp:3/76 T:1804 Hungry Deaf Latest messages: You hear crashing rock. In what direction? k Whoops... You see here 2 darts. A little dart shoots out at you! You are hit by a little dart. You see here a worthless piece of blue glass. The dog picks up a worthless piece of blue glass. The dog drops a worthless piece of blue glass. Coco misses the dwarf. You see here a scroll labeled ETAOIN SHRDLU. Coco bites the dwarf. The dwarf wields a dagger! Coco misses the dwarf. L - a scroll labeled ETAOIN SHRDLU. Coco misses the dwarf. What do you want to use or apply? [aeglmpstwzK or ?*] w You put a scroll labeled ABRA KA DABRA into the sack. You put a scroll labeled ETAOIN SHRDLU into the sack. You put a black potion into the sack. You swap places with the peaceful dwarf. Coco misses the dwarf. Coco bites the dwarf. The dwarf thrusts her dagger at Coco. The dwarf hits Coco. Coco bites the dwarf. The dog drops a worthless piece of blue glass. Coco misses the dwarf. You are momentarily blinded by a flash of light! You hear a deafening roar! A rock piercer suddenly appears next to you! A giant ant suddenly appears next to you! A kitten suddenly appears next to you! The giant ant bites! The giant ant bites! The giant ant bites! You can see again. The giant ant bites! The rock piercer bites! The giant ant bites! You are beginning to feel hungry. The giant ant bites! Coco bites the giant ant. The giant ant bites! You die... Do you want your possessions identified? [ynq] (y) y Do you want to see your attributes? [ynq] (y) y Do you want an account of creatures vanquished? [ynaq] (y) y Do you want to see your conduct and achievements? [ynq] (y) y Do you want to see the dungeon overview? [ynq] (y) y Inventory: Weapons A - an uncursed +0 dagger o - an uncursed +0 elven dagger a - an uncursed +2 bullwhip (weapon in right hand) I - the uncursed +1 Demonbane Armor c - an uncursed +0 fedora (being worn) B - a cursed -2 cloak of protection q - an uncursed +0 dwarvish cloak (being worn) C - an uncursed +0 T-shirt with text "Ms. Palm's House of Negotiable Affection--A Very Reputable House Of Disrepute" b - an uncursed +0 leather jacket (being worn) Comestibles d - 2 uncursed food rations Wands l - an uncursed wand of light (0:11) p - an uncursed wand of slow monster (0:4) z - an uncursed wand of striking (0:3) Tools w - an uncursed sack containing 6 items K - an uncursed bag of tricks (0:3) s - a blessed magic lamp m - an uncursed oil lamp (lit) e - an uncursed +0 pick-axe (alternate weapon; not wielded) t - an uncursed tinning kit (0:51) Gems/Stones y - a cursed agate stone v - an uncursed black opal G - 2 uncursed jasper stones g - an uncursed touchstone Contents of the sack: an uncursed scroll of identify an uncursed scroll of stinking cloud an uncursed scroll of teleportation an uncursed spellbook of force bolt a cursed potion of confusion an uncursed potion of water Elenmirie the Archeologist's attributes: Background: You were a Field Worker, a level 3 female gnomish Archeologist. You were neutral, on a mission for Camaxtli who was opposed by Quetzalcoatl (lawful) and Huhetotl (chaotic). You were right-handed. You were in the Gnomish Mines, on level 5. You entered the dungeon 1804 turns ago. There was a new moon in effect when your adventure ended. You had 76 experience points, 4 more were needed to attain level 4. Basics: You had 0 out of 23 hit points. You had all 7 energy points (spell power). Your armor class was 9. Your wallet was empty. Autopickup was on for '$' plus thrown. Final Characteristics: Your strength was 13 (limit:18/50). Your dexterity was 8 (limit:18). Your constitution was 15 (limit:18). Your intelligence was 14 (limit:19). Your wisdom was 13 (limit:18). Your charisma was 13 (limit:18). Final Status: You were deaf. You were hungry. You were unencumbered. You were wielding a whip. You had basic skill with whip. Final Attributes: You were devoutly aligned. Your items were somewhat protected from fire. Your items were somewhat protected from cold. You were telepathic. You had automatic searching. You had infravision. You were warded. You are dead. Miscellaneous: You never encountered a bones level. Total elapsed playing time was 30 minutes and 57 seconds. Major events: Turn 1: elenmirie the neutral female gnomish Archeologist entered the dungeon 474: entered the Gnomish Mines 1006: attained the rank of Field Worker (level 3) 1660: found Demonbane on the floor 1804: killed by a giant ant Vanquished creatures: a shrieker a gnome leader a floating eye 3 dwarves 3 orc zombies 2 dwarf zombies 2 acid blobs 3 coyotes 2 hobbits 2 manes a hobgoblin 2 giant rats 2 yellow molds 8 gnomes 2 gnome zombies a gecko 5 jackals a kobold 2 goblins 2 sewer rats 2 grid bugs 4 lichens 5 newts 57 creatures vanquished. No species were genocided or became extinct. Voluntary challenges: You read items or engraved 2 times. You never engraved Elbereth. You never genocided any monsters. You never polymorphed an object. You never changed form. You used no wishes. Achievements: You entered the Gnomish Mines. You attained the rank of Field Worker. The Dungeons of Doom: levels 1 to 2 Level 1: Some fountains. Level 2: A fountain. Stairs down to The Gnomish Mines. The Gnomish Mines: levels 3 to 5 Level 3: Level 4: Level 5: <- You were here. Final resting place for you, killed by a giant ant. Game over: ---------- / \ / REST \ / IN \ / PEACE \ / \ | elenmirie | | 0 Au | | killed by a | | giant ant | | | | | | 2024 | *| * * * | * _________)/\\_//(\/(/\)/\//\/|_)_______ Goodbye elenmirie the Archeologist... You died in The Gnomish Mines on dungeon level 5 with 514 points, and 0 pieces of gold, after 1804 moves. You were level 3 with a maximum of 23 hit points when you died.